 Dungeon Sprint DCSS version 0.29.1-12-g30fa7ad0bf (webtiles) character file.

Game seed: 13446238306913876036

179 boopmooplesden the Carver (level 5, -4/56 HPs)
             Began as a Minotaur Berserker on Dec 13, 2022.
             Was a Priest of Trog.
             Slain by an iguana (12 damage)
             ... in the Dungeon (Sprint IX: "|||||||||||||||||||||||||||||").
             The game lasted 00:00:14 (235 turns).

boopmooplesden the Carver (Minotaur Berserker)       Turns: 235, Time: 00:00:15

Health: -4/56      AC:  2    Str: 22    XL:     5   Next: 33%
Magic:  4/4        EV: 13    Int:  4    God:    Trog [***...]
Gold:   0          SH:  0    Dex: 11    Spells: 4/4 levels left

rFire   . . .      SeeInvis .   a - +0 falchion
rCold   . . .      Faith    .   (no shield)
rNeg    . . .      Spirit   .   b - +0 animal skin
rPois   .          Reflect  .   (helmet restricted)
rElec   .          Harm     .   (no cloak)
rCorr   .          Rampage  .   (no gloves)
Will    .....      NoTele   +   (no boots)
Stlth   +.........              (no amulet)
HPRegen 0.18/turn               (no ring)
MPRegen 0.09/turn               (no ring)

@: on berserk cooldown, slowed, very slow
A: horns 2, retaliatory headbutt
a: Renounce Religion, Berserk, Trog's Hand


You were in the Dungeon.
You worshipped Trog.
Trog was most pleased with you.
You visited 1 branch

Inventory:

Hand Weapons
 a - a +0 falchion (weapon)
Armour
 b - a +0 animal skin (worn)
Scrolls
 h - a scroll of blinking
Potions
 c - a potion of curing
 d - a potion of heal wounds
 e - a potion of haste
 f - 2 potions of magic
 g - a potion of berserk rage


   Skills:
 + Level 8.7 Fighting
 + Level 9.3 Long Blades
 + Level 4.6 Armour
 + Level 4.6 Dodging


You had 4 spell levels left.
You didn't know any spells.
Your spell library was empty.

Dungeon Overview and Level Annotations

Branches:
Dungeon (1/1)

Altars:


Innate Abilities, Weirdness & Mutations

You have a pair of horns on your head.
You reflexively headbutt those who attack you in melee.


Message History

Increase (S)trength, (I)ntelligence, or (D)exterity?
You feel agile. x2
You have reached level 4!
You feel stronger.
You barely miss the adder. You headbutt the adder!
You kill the adder!
Trog accepts your kill.
You slash the howler monkey! You headbutt the howler monkey!
You kill the howler monkey!
Trog accepts your kill.
Your Fighting skill increases to level 8!
Your Long Blades skill increases to level 8!
Your Dodging skill increases to level 4!
You have reached level 5!
The howler monkey hits you.
There is an open door here.
Things that are here:
an adder corpse; a black bear corpse You slash the howler monkey!
You headbutt the howler monkey.
The howler monkey is almost dead.
The howler monkey hoots and howls with incredible vigour!
You barely miss the howler monkey.
The howler monkey is almost dead.
The howler monkey hits you.
You hit the howler monkey.
You kill the howler monkey!
Trog accepts your kill.
Your Long Blades skill increases to level 9!
You are no longer berserk.
You are exhausted.
You feel yourself slow down. The iguana closely misses you.
You hit the iguana.
The iguana is lightly wounded.
The iguana bites you!
* * * LOW HITPOINT WARNING * * *
You hit the iguana.
You headbutt the iguana, but do no damage.
The iguana is moderately wounded.
The iguana bites you!
You die...

▓+▓
▓.▓
▓.▓
▓.▓
▓l▓
▓@▓
▓†▓
▓.▓
▓.▓
▓.▓
▓.▓
▓.▓
▓)▓
▓.▓


You could see an iguana.

Vanquished Creatures
  A black bear (D)
  2 howler monkeys (D)
  An adder (D)
  A ball python (D)
  A giant cockroach (D)
  A bat (D)
  A kobold (D)
  A rat (D)
9 creatures vanquished.

Notes
Turn   | Place    | Note
-------+----------+-------------------------------------------
     0 | D        | boopmooplesden the Minotaur Berserker began the quest for
                  | the Orb.
     0 | D        | Reached XP level 1. HP: 19/19 MP: 0/0
    12 | D        | Reached skill level 4 in Long Blades
    12 | D        | Reached ** piety under Trog
   220 | D        | Noticed an iguana
   220 | D        | Noticed a howler monkey
   220 | D        | Noticed a howler monkey
   220 | D        | Noticed a black bear
   226 | D        | Killed a black bear
   227 | D        | Reached skill level 7 in Long Blades
   227 | D        | Reached XP level 2. HP: 25/34 MP: 1/1
   227 | D        | Reached XP level 3. HP: 29/39 MP: 2/2
   227 | D        | Reached XP level 4. HP: 35/47 MP: 3/3
   227 | D        | Reached *** piety under Trog
   229 | D        | Reached skill level 8 in Long Blades
   229 | D        | Reached XP level 5. HP: 40/53 MP: 4/4
   233 | D        | Reached skill level 9 in Long Blades
   235 | D        | Slain by an iguana

Illustrated notes

Levels and vault maps discovered:
D:        linesprint [early_d, line_temple, items_1, d_10, items_2, lair_1,
          lair_end, items_3, orc_1, orc_end, items_4, d_15, swamp_1, shoals_1,
          snake_1, spider_1, d_20, vaults_1, items_5, swamp_end, shoals_end,
          snake_end, spider_end, vaults_end, d_27, items_6, zot_1, zot_end,
          crypt_end, forest_end, elf_end, slime_end, tomb_end, abyss_end,
          pan_hell_end]

Skill      XL: |  1  2  3  4  5 |
---------------+----------------+-----
Fighting       | 7 8 |  8.7
Long Blades    | 7 8 9 |  9.3
Armour         | 4 |  4.6
Dodging        | 3 4 |  4.6

Action                   |  1- 3 |  4- 6 || total
-------------------------+-------+-------++-------
Melee: Falchion          |    19 |     7 ||    26
       Headbutt          |     2 |     4 ||     6
Invok: Berserk           |     1 |       ||     1
Armor: Animal skin       |     5 |       ||     5
Dodge: Dodged            |    12 |     1 ||    13
